 Dungeon Crawl Stone Soup version 0.20.1-1-g8b1a95d (webtiles) character file.

5 Itsformetoplayit the Grasshopper (level 1, 0/19 HPs)
             Began as a Naga Warper on Oct 17, 2017.
             Slain by a frilled lizard (3 damage)
             ... on level 1 of the Dungeon.
             The game lasted 00:07:06 (197 turns).

Itsformetoplayit the Grasshopper (Naga Warper)       Turns: 197, Time: 00:07:07

Health: 0/19       AC:  1    Str: 13    XL:     1   Next: 80%
Magic:  3/3        EV:  9    Int: 13    God:
Gold:   27         SH:  0    Dex: 10    Spells: 4/4 levels left

rFire    . . .     SeeInvis +   a - +0 falchion
rCold    . . .     Gourm    .   (no shield)
rNeg     . . .     Faith    .   b - +0 leather armour
rPois    +         Spirit   .   (no helmet)
rElec    .         Reflect  .   (no cloak)
rCorr    .         Harm     .   (no gloves)
MR       .....                  (no barding)
Stlth    +.........             (no amulet)
Regen    0.1/turn               (no ring)
MPRegen  0.1/turn               (no ring)

@: very slow
A: see invisible, deformed body, poison resistance, slowness 2, slow metabolism
1, spit poison 1, AC +0
a: Spit Poison


You were on level 1 of the Dungeon.
You were not hungry.

You visited 1 branch of the dungeon, and saw 1 of its levels.

You collected 27 gold pieces.

Inventory:

Hand Weapons
 a - a +0 falchion (weapon)
 k - a +0 club
Missiles
 e - 5 tomahawks of dispersal (quivered)
Armour
 b - a +0 leather armour (worn)
Scrolls
 d - a scroll of blinking
 g - a scroll of enchant weapon {unknown}
 h - a scroll of remove curse {unknown}
Potions
 j - a potion of mutation {unknown}
Books
 c - a book of Spatial Translocations

   Spells                             Type                      Level
   a - Blink                          Translocation                2
   b - Shroud of Golubria             Charms/Translocation         2
   c - Lesser Beckoning               Translocation                3
   d - Gell's Gravitas                Translocation                3
   e - Teleport Other                 Translocation                3
   f - Passage of Golubria            Translocation                4
Comestibles
 f - a bread ration
 i - a meat ration
 l - 2 chunks of flesh


   Skills:
 + Level 2.1 Fighting
 + Level 2.1 Long Blades
 + Level 0.8 Throwing
 + Level 0.7 Armour
 + Level 1.7 Dodging
 + Level 0.4 Stealth
 + Level 2.0 Spellcasting
   Level 3.0 Translocations


You had 4 spell levels left.
You didn't know any spells.

Dungeon Overview and Level Annotations

Branches:
Dungeon (1/15)

Altars:


Innate Abilities, Weirdness & Mutations

You cannot wear boots.
Your serpentine skin is tough. (AC +0)
You have supernaturally acute eyesight. (SInv)
Armour fits poorly on your strangely shaped body.
Your system is resistant to poisons. (rPois)
You cover ground very slowly.
You have a slow metabolism.
You can spit poison.


Message History

You aren't quite hungry enough to eat that!
A frilled lizard comes into view.
The frilled lizard hisses angrily.
The frilled lizard unfolds its giant frill.
You barely miss the frilled lizard. The frilled lizard bites you.
You miss the frilled lizard. The frilled lizard bites you.
You barely miss the frilled lizard. The frilled lizard bites you.
You barely miss the frilled lizard. The frilled lizard barely misses you.
You riposte.
You miss the frilled lizard. You miss the frilled lizard.
The frilled lizard bites you but does no damage.
The frilled lizard bites you.
You closely miss the frilled lizard. The frilled lizard barely misses you.
You barely miss the frilled lizard. The frilled lizard bites you.
You miss the frilled lizard. The frilled lizard bites you.
You barely miss the frilled lizard. The frilled lizard bites you.
You barely miss the frilled lizard. The frilled lizard bites you. x2
* * * LOW HITPOINT WARNING * * *
You barely miss the frilled lizard. The frilled lizard bites you.
You die...

#............
#........... #..........
#......... #........#
#........### ......
#..........# #........
..######.....# ........
......l@##...####.....##
........##...#..........
........##...#..........
........##...#..........
........................
........................
................###.....
..............รท....#....
###.............#....


You could see a frilled lizard.

Vanquished Creatures
  A hobgoblin (D:1)
  2 bats (D:1)
  A frilled lizard (D:1)
  2 rats (D:1)
6 creatures vanquished.

Notes
Turn   | Place    | Note
-------+----------+-------------------------------------------
     0 | D:1      | Itsformetoplayit the Naga Warper began the quest for the Orb.
     0 | D:1      | Reached XP level 1. HP: 19/19 MP: 3/3
   197 | D:1      | Slain by a frilled lizard

Action                   || total
-------------------------++-------
Melee: Falchion          ||    21
 Stab: Sleeping          ||     1
Armor: Leather armour    ||     6
Dodge: Dodged            ||    10
       Rpst.: Falchion   ||     4
